[Event "CCT Airthings Masters Play-In 2023"]
[Site "Online"]
[Date "2023.02.03"]
[Round "3"]
[White "Vidit, Santosh Gujrathi"]
[Black "BogdanDeac"]
[Result "0-1"]
[ECO "C42"]
[WhiteElo "2730"]
[BlackElo "2532"]
[Annotator "TA"]
[PlyCount "88"]
[EventDate "2023.02.03"]
[EventType "swiss"]
[EventCountry "NET"]
[SourceTitle "playchess.com"]
[Source "ChessBase"]
[SourceQuality "1"]
[TimeControl "600+2"]

1. e4 e5 2. Nf3 Nf6 3. Nxe5 d6 4. Nf3 Nxe4 5. d4 d5 6. Bd3 Bd6 7. O-O O-O 8. c4 c6 9. Nc3 Nxc3 10. bxc3 dxc4 11. Bxc4 Bf5 12. Bg5 {[%emt 0:00:23] 12.Bg5 is better than 12.Re1. C42: Petroff Defence: 3 Nxe5 and unusual White 3rd moves.} Qa5 13. Nh4 Be6 14. Bxe6 {[%emt 0:00:02] Bf5 would be deadly. The position is equal.} Qxg5 15. Nf3 Qa5 16. Bb3 Nd7 17. Qd3 Rae8 18. Rfe1 Nf6 19. g3 g6 20. Kg2 Kg7 21. h4 h6 22. Nd2 {[%emt 0:00:13][%cal Bf3d2,Bd2c4,Bc4e3,Be3d5,Bd5f4][%mdl 32] [#]} Qc7 $146 ({Predecessor:} 22... Qd8 23. Qf3 Bc7 24. Rxe8 Qxe8 25. Rb1 Qe7 26. Bd1 Rb8 27. Qd3 h5 28. Bf3 c5 29. dxc5 Qxc5 30. Rxb7 {½-½ Ochsner,B (2491)-Papp,G (2589) DEN-chT 1920 58th 2019 (6.3)}) 23. Qf3 c5 24. Nc4 {[%emt 0:01:14] With the idea Nxd6.} b5 (24... Rxe1 {simplifies} 25. Rxe1 b5 26. Ne3 cxd4 27. cxd4 Bb4) 25. Ne3 Qc8 26. Rab1 a6 27. a4 Qa8 (27... Ne4 $5 ) 28. Nd5 Qd8 (28... Re6 $1 $11) 29. axb5 axb5 30. dxc5 Bxc5 31. Rxe8 $1 Rxe8 32. Rd1 (32. Ba2 $1 $14) 32... Re5 $11 (32... h5 {simplifies} 33. Rd3 Re5 34. Nxf6 Qxf6 35. Qxf6+ Kxf6 36. Rf3+ Rf5) 33. Nf4 Qc7 34. Rd2 Re7 (34... h5 $11) 35. h5 $14 {[%emt 0:00:07] Threatens to win with hxg6.} g5 36. Nd5 Nxd5 37. Rxd5 b4 ({Black should try} 37... Rd7 $14) 38. Qd3 (38. Qf5 $1 $18 Bd6 39. Bc2) 38... Bb6 $2 (38... Re5 $14) 39. Bc2 $18 {[%emt 0:00:05] Intending Qh7+ and mate.} (39. cxb4 Qc6 40. b5 Qb7 $18) 39... Re6 {[%emt 0:00:02] [#]} 40. Qh7+ $1 ({Not} 40. cxb4 Kf8 $16) 40... Kf8 41. cxb4 $2 (41. Rf5 $18 f6 42. Qh8+ Ke7 43. Ba4) 41... Qc6 $14 42. Be4 {[%emt 0:00:02][%cal Od5d8] Black must now prevent Rd8+!} Qc4 43. Bf3 {[%emt 0:00:04] Rd7 would kill now.} g4 $2 {[%emt 0:00:01][%mdl 8192] [#]} (43... Qc3 $16) 44. Bd1 $4 Qxd5+ {[%emt 0:00:01] Weighted Error Value: White=0.48/Black=0.26 (precise)} 0-1

[Event "CCT Airthings Masters Play-In 2023"]
[Site "Online"]
[Date "2023.02.03"]
[Round "3"]
[White "FabianoCaruana"]
[Black "igorkovalenko"]
[Result "1-0"]
[ECO "C18"]
[WhiteElo "2713"]
[BlackElo "2582"]
[Annotator "TA"]
[PlyCount "71"]
[EventDate "2023.02.03"]
[EventType "swiss"]
[EventCountry "NET"]
[SourceTitle "playchess.com"]
[Source "ChessBase"]
[SourceQuality "1"]
[TimeControl "600+2"]

1. e4 e6 2. d4 d5 3. Nc3 Bb4 4. e5 c5 5. a3 Bxc3+ 6. bxc3 Qa5 7. Bd2 Qa4 8. Qg4 g6 9. Qd1 Nc6 {[%emt 0:00:04] C18: French: 3 Nc3 Bb4: Main line: 7 h4 and 7 Qg4.} 10. Nf3 c4 11. h4 h6 {[%emt 0:00:02] White is slightly better.} 12. Nh2 $5 {[%emt 0:00:09][%mdl 4] A promising side line.} Bd7 {[%emt 0:00:02] [#]} 13. Ng4 $146 ({Predecessor:} 13. h5 g5 14. Ng4 O-O-O 15. f4 gxf4 16. Bxf4 Rf8 17. Be2 f6 18. exf6 Nxf6 19. Nxf6 Rxf6 {1-0 Beukema,S (2305)-Dgebuadze,A (2487) BEL-ch Charleroi 2014 (4)}) 13... O-O-O 14. Be2 Rf8 15. O-O Qa5 16. g3 Qd8 17. Qc1 h5 18. Nh2 f6 19. exf6 Nxf6 20. Nf3 Ne4 (20... Qa5 $5 ) 21. Ng5 Nd6 (21... Nxd2 $14 22. Qxd2 Qf6) 22. a4 Qa5 23. Bf3 Nf5 ({Black should try} 23... Nf7 $14 24. Nxf7 Rxf7) 24. Re1 Rf6 25. Bg2 Re8 26. Rb1 Qxa4 $2 {[%emt 0:00:56] [#] Black cannot hold the game after this.} (26... b6 $16 27. Nf3 Kb7) 27. Qb2 Qa6 (27... Nd8 {was called for.} 28. Nf3 Nd6) 28. Ra1 $18 Na5 29. Bf4 b6 30. Reb1 Bc6 $2 (30... Ne7 31. Bh3 Rxf4) 31. Qc1 {[%emt 0:00:25] White is clearly winning.} Re7 32. Qe1 {[%emt 0:00:05] [#] Hoping for Qe5.} Nxh4 33. Qe5 {[%emt 0:00:04] Intending Qb8+ and mate.} Rxf4 34. Qxf4 Nxg2 35. Qd6 Qb7 36. Rxa5 {[%emt 0:00:07][%mdl 64] Pin.   Weighted Error Value: White=0.32/Black=0.51} ({Weaker is} 36. Kxg2 Qc7 37. Qxc7+ Kxc7 $11) 1-0

[Event "CCT Airthings Masters Play-In 2023"]
[Site "Online"]
[Date "2023.02.03"]
[Round "3"]
[White "GHANDEEVAM"]
[Black "Beca95"]
[Result "1-0"]
[ECO "C41"]
[WhiteElo "2706"]
[BlackElo "2541"]
[Annotator "NA"]
[PlyCount "85"]
[EventDate "2023.02.03"]
[EventType "swiss"]
[EventCountry "NET"]
[SourceTitle "playchess.com"]
[Source "ChessBase"]
[SourceQuality "1"]
[TimeControl "600+2"]

1. d4 Nf6 2. Nc3 d6 3. e4 e5 4. Nf3 Nbd7 5. Bc4 Be7 6. O-O c6 7. a4 h6 8. Re1 Qc7 9. a5 Rb8 10. d5 b5 11. dxc6 bxc4 12. cxd7+ Bxd7 13. a6 O-O 14. Nh4 Rfd8 15. Qf3 Bg4 16. Qg3 Kh7 17. Nd5 Nxd5 18. Qxg4 Nf6 19. Qe2 g6 20. c3 Qc6 21. Qe3 Ng4 22. Qxa7 Re8 23. Bd2 Rxb2 24. Nf3 Kg7 25. h3 Bd8 26. hxg4 Bb6 27. Qb7 Bxf2+ 28. Kxf2 Rxb7 29. axb7 Qxb7 30. Rab1 Qd7 31. Kg3 Ra8 32. Rh1 g5 33. Rhd1 Qc6 34. Re1 Ra2 35. Rbd1 f6 36. Bc1 Rc2 37. Ba3 Rxc3 38. Rxd6 Qa8 39. Rd7+ Kg6 40. Bb4 Rb3 41. Red1 Rxb4 42. Nxe5+ fxe5 43. R1d6# 1-0

[Event "CCT Airthings Masters Play-In 2023"]
[Site "Online"]
[Date "2023.02.03"]
[Round "3"]
[White "crescentmoon"]
[Black "Cueva Jumbo, Eduardo"]
[Result "1-0"]
[ECO "D35"]
[WhiteElo "2693"]
[BlackElo "1954"]
[Annotator "TA"]
[PlyCount "101"]
[EventDate "2023.02.03"]
[EventType "swiss"]
[EventCountry "NET"]
[SourceTitle "playchess.com"]
[Source "ChessBase"]
[SourceQuality "1"]
[TimeControl "600+2"]

1. d4 e6 2. c4 d5 3. Nc3 Nf6 4. cxd5 exd5 5. Bg5 c6 6. e3 Be7 7. Bd3 h6 8. Bf4 Bd6 {[%emt 0:00:25] D35: Queen's Gambit Declined: Exchange Variation.} 9. Nge2 a5 10. O-O O-O {[%emt 0:00:03] White is slightly better.} 11. Qc2 Re8 {[%emt 0:00:05] [#]} 12. Rfe1 $146 ({Predecessor:} 12. a3 Na6 13. Rab1 b5 14. Na2 Bxf4 15. Nxf4 Bd7 16. b4 Qe7 17. Qb2 Nc7 18. Bc2 Rec8 19. Nd3 {½-½ Suleymanli,A (2543)-Shahaliyev,I (2406) AZE-ch Rapid 2022 (7)}) 12... Na6 13. a3 {[%emt 0:00:15] Prevents Nb4} Nc7 14. Rad1 Ne6 15. Bg3 Ng5 16. Bxd6 Qxd6 17. Ng3 Bg4 18. Rc1 h5 (18... Bd7 $11 {remains equal.}) 19. h4 ({Better is} 19. f4 $16 Ngh7 20. h3) 19... Ne6 $11 20. Nf1 {[%emt 0:00:07] [#] Threatens to win with f3.} Nf8 21. f3 Bd7 22. Qf2 b6 23. Qg3 Qxg3 24. Nxg3 c5 (24... g6 $11 {keeps the balance.}) 25. Bb5 {[%emt 0:00:33] White is more active.} (25. e4 $16) 25... Bxb5 26. Nxb5 {[%emt 0:00:03] And now Nc7 would win.} Ne6 {[%emt 0:00:01] Against Nc7} 27. Ne2 Kf8 28. Kf2 Re7 29. g3 Rae8 30. Nf4 Nxf4 31. gxf4 c4 32. Nc3 g6 33. Re2 Rd8 34. Rd1 (34. Rg1 $5) 34... Ne8 35. e4 Nc7 36. a4 Red7 (36... f5 $11 {should be considered.}) 37. Red2 Kg7 38. Ke3 f5 39. Rg1 Re7 40. e5 Kf7 41. Rb1 Na6 (41... Re6 $14) 42. b3 $16 cxb3 43. Rxb3 Nb4 $2 {[%emt 0:00:01] Black cannot hold the game after this.} (43... Re6 $14) 44. Nb5 $18 Re6 {[%emt 0:00:09] [#]} 45. Rc3 $1 Rd7 46. Rd1 Kg7 47. Rdc1 {[%emt 0:00:03] Rc8 would be deadly.} Kf7 $2 (47... Rde7 48. Rc8 Na2) 48. Rc8 Na2 49. R1c7 Rxc7 (49... Rde7 50. Rd8 Rxc7 51. Nxc7 Re7) 50. Nxc7 Rc6 51. e6+ {[%emt 0:00:01] Weighted Error Value: White=0.11 (very precise) /Black=0.36} 1-0

[Event "CCT Airthings Masters Play-In 2023"]
[Site "Online"]
[Date "2023.02.03"]
[Round "3"]
[White "Sevian, Samuel"]
[Black "Shield12"]
[Result "1/2-1/2"]
[ECO "D02"]
[WhiteElo "2687"]
[BlackElo "2613"]
[Annotator "NA"]
[PlyCount "44"]
[EventDate "2023.02.03"]
[EventType "swiss"]
[EventCountry "NET"]
[SourceTitle "playchess.com"]
[Source "ChessBase"]
[SourceQuality "1"]
[TimeControl "600+2"]

1. d4 Nf6 2. Nf3 d5 3. Bf4 c5 4. e3 Nc6 5. dxc5 e6 6. Nbd2 Bxc5 7. Bd3 Bd6 8. Bg5 h6 9. Bh4 e5 10. e4 dxe4 11. Nxe4 Be7 12. Bxf6 Bxf6 13. O-O Be7 14. Ng3 O-O 15. Re1 Qc7 16. Qe2 Bd6 17. Nf5 Bxf5 18. Bxf5 Rae8 19. Qc4 Nd4 20. Qxc7 Nxf3+ 21. gxf3 Bxc7 22. Rad1 Rd8 1/2-1/2

[Event "CCT Airthings Masters Play-In 2023"]
[Site "Online"]
[Date "2023.02.03"]
[Round "3"]
[White "LiemLe"]
[Black "Perez Ponsa, Federico"]
[Result "1-0"]
[ECO "D00"]
[WhiteElo "2664"]
[BlackElo "2532"]
[Annotator "TA"]
[PlyCount "57"]
[EventDate "2023.02.03"]
[EventType "swiss"]
[EventCountry "NET"]
[SourceTitle "playchess.com"]
[Source "ChessBase"]
[SourceQuality "1"]
[TimeControl "600+2"]

1. d4 Nf6 2. Nf3 g6 3. Nc3 d5 4. Bf4 Bg7 5. Nb5 Na6 6. h3 {[%emt 0:00:03][%cal Bh2h3,Bh3h4][%mdl 32] D00: 1 d4 d5: Unusual lines.} O-O 7. e3 Ne4 8. Nd2 {[%emt 0:00:10] The position is equal.} Nxd2 9. Qxd2 c6 10. Nc3 {[%emt 0:00:04] [#]} b6 $146 ({Better is} 10... Nc7 $11) ({Predecessor:} 10... Re8 11. Bxa6 bxa6 12. O-O Qa5 13. a3 Bf5 14. b4 Qd8 15. Na4 e5 16. dxe5 Rxe5 17. Bxe5 Bxe5 {1-0 Nihal,S (2650)-Rapport,R (2763) Speed Chess Chess.com INT blitz 2021 (2.22)}) 11. h4 $14 h5 12. O-O-O Nc7 13. Be2 Re8 14. e4 {[%emt 0:00:22] White has more active pieces. The black rooks are badly placed.} (14. Rdg1 $16) 14... b5 (14... dxe4 $1 $11 {keeps the balance.} 15. Nxe4 Be6) 15. Bf3 (15. e5 $16) 15... b4 $11 16. Na4 dxe4 17. Bxe4 Nd5 $1 18. Bh6 Qa5 19. Bxg7 Kxg7 (19... Qxa4 {leads to mate.} 20. Qh6 f5 21. Bxd5+ e6 22. Bf6) 20. b3 Ba6 (20... Rb8 $11 {remains equal.}) 21. Kb2 (21. g4 $16) 21... Bb5 {[%emt 0:00:09] [#]} (21... Rad8 $1 $11) 22. Bxd5 $1 $16 cxd5 {[%emt 0:00:09] [#]} 23. Nc5 Qa3+ $2 {[%emt 0:00:11] This move loses the game for Black.} (23... e5 $16) 24. Kb1 $18 a5 25. Rh3 ({Less strong is} 25. Qg5 a4 26. Rd2 (26. Qxd5 Bc6 $11) 26... axb3 27. cxb3 Qa5 $16) 25... Kh7 $2 (25... Reb8 26. Qg5 a4) 26. Re1 Rac8 27. Qf4 Kg8 28. Rf3 f6 29. Qh6 {[%emt 0:00:01] Weighted Error Value: White=0.28 (precise) /Black=0.63} 1-0

[Event "CCT Airthings Masters Play-In 2023"]
[Site "Online"]
[Date "2023.02.03"]
[Round "3"]
[White "Grandelius, Nils"]
[Black "Rakhmanov_Aleksandr"]
[Result "0-1"]
[ECO "B01"]
[WhiteElo "2660"]
[BlackElo "2496"]
[Annotator "TA RC"]
[PlyCount "84"]
[EventDate "2023.02.03"]
[EventType "swiss"]
[EventCountry "NET"]
[SourceTitle "playchess.com"]
[Source "ChessBase"]
[SourceQuality "1"]
[TimeControl "600+2"]

1. e4 d5 2. exd5 Qxd5 3. Nc3 Qd8 4. d4 Nf6 5. Bg5 Bg4 6. Be2 {[%emt 0:00:56] B01: Scandinavian Defence.} Bxe2 7. Qxe2 c6 8. O-O-O {[%emt 0:00:07] [#] White is better.} Nbd7 $146 ({Predecessor:} 8... Nd5 9. Ne4 Qc7 10. c4 h6 11. Bd2 Nf4 12. Qe3 g5 13. g3 Ne6 14. Bc3 Bg7 15. d5 cxd5 16. cxd5 f5 17. dxe6 fxe4 18. Qxe4 O-O 19. Ne2 Qc6 20. Qg6 {1-0 Tseitlin,M (2494)-Candela Perez,J (2411) Ubeda op 6th 2001 (4)}) 9. d5 Qa5 $1 10. Bxf6 $1 Nxf6 11. dxc6 bxc6 12. Qc4 Rc8 (12... Qg5+ $2 13. Kb1 Qxg2 14. Nge2 $18) 13. Nf3 (13. Qa4 {simplifies} Qxa4 14. Nxa4 g6 15. c3) 13... e6 14. Rhe1 {[%emt 0:00:20][%cal Oe1e6] Rxe6+! would be deadly.} Be7 15. Ne5 $36 {[%emt 0:00:11][%cal Oe5f7][%mdl 2048] Black is under pressure.} Qc5 16. Qxc5 Bxc5 17. Ne4 Nxe4 18. Rxe4 Bxf2 {[%emt 0:00:35] [#]} 19. Nxf7 $1 {[%emt 0:00:27][%mdl 64] Discovered Attack} Kxf7 20. Rf1 Ke7 {[%emt 0:00:12] White must now prevent ...Rhf8.} 21. Rxf2 $14 {[%emt 0:00:01][%mdl 4096] Endgame KRR-KRR} Rhf8 22. Ref4 (22. Rfe2 $5 ) 22... Rf6 23. R2f3 Rd8 24. Rxf6 gxf6 {[%emt 0:00:02] KR-KR} 25. Rh3 Rh8 26. Ra3 Ra8 27. Rh3 (27. Rg3 $5 ) 27... Rh8 28. Ra3 Ra8 29. Ra6 Kd6 30. b4 Kd5 31. Kd2 e5 (31... Rb8 $14) 32. a4 (32. Kd3 $16) 32... Rb8 {[%emt 0:00:07] Against c4+} ({Better is} 32... f5 $11) 33. c3 $1 Rb7 34. Ra5+ (34. Kd3 $14) 34... Kd6 $11 35. Kd3 f5 36. Ra6 h5 37. b5 Rb6 38. Rxa7 {[%emt 0:00:08] c4 is the strong threat.} cxb5 39. axb5 Rxb5 40. Rh7 e4+ 41. Ke3 Rc5 42. Rxh5 $2 {[%emt 0:00:04][%mdl 8192] [#]} (42. Kf4 $11) 42... f4+ $1 {[%emt 0:00:01][%mdl 64] Discovered Attack.   Weighted Error Value: White=0.28 (precise) /Black=0.09 (flawless)} ({Weaker is} 42... Rxc3+ 43. Kf4 $11) 0-1

[Event "CCT Airthings Masters Play-In 2023"]
[Site "Online"]
[Date "2023.02.03"]
[Round "3"]
[White "Duhless"]
[Black "promen"]
[Result "1-0"]
[ECO "D03"]
[WhiteElo "2647"]
[BlackElo "2533"]
[Annotator "TA"]
[PlyCount "75"]
[EventDate "2023.02.03"]
[EventType "swiss"]
[EventCountry "NET"]
[SourceTitle "playchess.com"]
[Source "ChessBase"]
[SourceQuality "1"]
[TimeControl "600+2"]

1. d4 d5 2. Nf3 Nf6 3. Bg5 Ne4 4. Bh4 Qd6 5. c4 Qb4+ 6. Nbd2 {[%emt 0:00:02] D03: 1 d4 d5 2 Nf3 Nf6 3 Bg5, including Torre Attack with early ...d5.} Qxb2 (6... dxc4 7. e3 $14) 7. Rb1 Qxa2 {[%emt 0:01:00] [#]} 8. Qc1 $146 {[%emt 0:00:03] Ra1 would be deadly. The position is equal.} (8. Ra1 $5 Qb2 $8 9. e3 $11) ({Predecessor:} 8. e3 e6 9. Ra1 Qb2 10. Rb1 Qa2 11. Ra1 Qb2 12. Rb1 Qa3 13. Ra1 Qb2 14. Rb1 {½-½ Grischuk,A (2745)-Sjugirov,S (2712) Krasnogorsk Blitz 2023 (4)}) 8... Qa5 9. cxd5 Qxd5 10. e3 Nxd2 11. Nxd2 c6 12. Be2 e6 (12... Qxg2 $17 13. Bf3 Qg6) 13. O-O {[%emt 0:00:11][%mdl 1024] White has compensation.} (13. Bf3 $5 Qd7 14. Nc4 $11) 13... Qd7 14. Ne4 (14. Nc4 $11) 14... b6 15. Qc3 (15. Bf6 $1 $11 {was the only way to keep the balance.}) 15... Be7 {[%emt 0:01:04] [#]} (15... Ba6 $17 16. Rfe1 Bxe2 17. Rxe2 Na6) 16. d5 $1 {[%emt 0:00:04][%mdl 64] Discovered Attack} Bxh4 17. Qxg7 Rf8 18. dxc6 Qc7 (18... Qxc6 $2 19. Bb5 Be7 20. Bxc6+ Nxc6 21. Rfd1 $18) 19. Rfd1 (19. Rbc1 $11) 19... Be7 $17 (19... Qxc6 $2 20. Bb5 Be7 21. Nd6+ Bxd6 22. Bxc6+ Nxc6 23. Rxd6 $18) (19... Nxc6 20. Nd6+ Ke7 21. Rbc1 $14 (21. Qxh7 Bf6 $14)) 20. Rbc1 {[%emt 0:00:11] And now Nf6+ would win.} Nxc6 21. Bb5 (21. Ng5 $142 Bxg5 22. Rxc6 Qxc6 23. Qxg5) 21... Bb7 $19 22. Qg3 {[%emt 0:00:52] [#]} Qxg3 ({Better is} 22... Rc8 $1 $19 {aiming for ...Qxg3.} 23. Nd6+ Bxd6 24. Rxd6 Ke7) 23. Rxc6 $17 {[%emt 0:00:02][%cal Rc6c8] [#]} f5 $1 24. Rc7+ $40 {[%emt 0:00:39][%mdl 128] White is out for blood.} (24. Nxg3 $2 Bxc6 25. Bxc6+ Kf7 26. Bxa8 Rxa8 $19) 24... Kf7 25. Rxe7+ {[%emt 0:00:08][%mdl 64] Decoy} (25. fxg3 $2 Bxe4 26. Rdd7 Rfe8 $19) (25. Nxg3 $6 Bc8 $16) 25... Kxe7 26. Rd7+ {[%emt 0:00:02][%mdl 64] Skewer, Double Attack} (26. Nxg3 $2 Rfd8 27. Rb1 a6 $19) 26... Ke8 27. Rxb7+ (27. Nxg3 $2 {too greedy.} a6 28. Rxb7+ axb5 $19) 27... Kd8 28. Nxg3 a6 29. Bc4 (29. Bc6 $18) 29... b5 $2 {[%emt 0:00:16] This costs Black the game.} (29... Re8 $16 {keeps fighting.}) 30. Bxe6 {[%emt 0:00:02] Strongly threatening Rd7+.} Rf6 31. Bxf5 a5 32. Rxb5 a4 33. Rd5+ Kc7 34. Rc5+ ({Much less strong is} 34. Bxh7 Rd8 35. Rxd8 Kxd8) 34... Rc6 $2 (34... Kb6) 35. Rxc6+ Kxc6 36. Be4+ {[%emt 0:00:00] White mates.} ({Not} 36. Bxh7 a3 37. Be4+ Kd6 38. Bxa8 a2 $16) 36... Kd6 37. Bxa8 a3 38. Ne4+ {[%emt 0:00:01] Beautiful play by Duhless!   Weighted Error Value: White=0.30/Black=0.63} 1-0

[Event "CCT Airthings Masters Play-In 2023"]
[Site "Online"]
[Date "2023.02.03"]
[Round "3"]
[White "ChristopherYoo"]
[Black "Mitrabha, Guha"]
[Result "0-1"]
[ECO "B16"]
[WhiteElo "2645"]
[BlackElo "2510"]
[Annotator "TA"]
[PlyCount "96"]
[EventDate "2023.02.03"]
[EventType "swiss"]
[EventCountry "NET"]
[SourceTitle "playchess.com"]
[Source "ChessBase"]
[SourceQuality "1"]
[TimeControl "600+2"]

1. e4 c6 2. d4 d5 3. Nc3 dxe4 4. Nxe4 Nf6 5. Nxf6+ gxf6 6. Be3 Bf5 7. Bd3 Nd7 8. Ne2 {[%emt 0:00:09] B16: Caro-Kann: Bronstein-Larsen Variation.} (8. c3 $5 Bxd3 9. Qxd3 $14) 8... e6 9. O-O {[%emt 0:00:30] And now Bxf5 would win.} Bg6 10. c4 {[%emt 0:00:16][%cal Bc2c4,Bc4c5][%mdl 32] White is slightly better.} Bd6 {[%emt 0:00:03][%cal Bf8d6,Bd6c7,Bc7e5][%mdl 32] [#]} 11. Nc3 $146 ({Predecessor:} 11. Rc1 Qc7 12. f4 f5 13. Qa4 O-O 14. Kh1 Rfe8 15. Ng3 Rad8 16. Qd1 Nf6 17. Qf3 {1-0 Dreckmeier,D-Mussgnug,O Werther Schloss op 3rd 1997 (4)}) 11... O-O 12. c5 Bc7 13. b4 f5 14. Qf3 {[%emt 0:01:17] [#] Inhibits f4.} ({White should try} 14. Ne2 $11) 14... Ne5 $1 $15 15. dxe5 {[%emt 0:00:16] Hoping for Bf4.} Qxd3 16. Rac1 Bxe5 {[%emt 0:00:27] ...f4 would be deadly.} 17. Rfd1 Qc4 18. b5 {[%emt 0:01:02] [#]} Qg4 ({Worse is} 18... Bxc3 19. bxc6 bxc6 20. Bf4 $11) ({Not} 18... cxb5 19. Nd5 Qh4 20. Nf4 $17) (18... Qh4 $1 $19 19. g3 Bh5 {[%mdl 64] Skewer}) 19. bxc6 $17 bxc6 (19... Qxf3 {simplifies} 20. gxf3 bxc6 21. Ne2 Bh5) 20. Ne2 Qxf3 (20... Rfd8 {is more complex.} 21. h3 Qxf3 22. gxf3 Bh5) 21. gxf3 Bh5 22. Kg2 Kh8 23. Bd4 ({White should play} 23. Rc4) 23... Rg8+ 24. Kf1 f6 {[%emt 0:01:53] Black is more active.} (24... Bxd4 $1 $17 25. Nxd4 Rac8) 25. Rd3 ({Better is} 25. f4 $1 $15 Bxd4 26. Rxd4) 25... Rad8 (25... Bxh2 $2 26. Bxf6+ Rg7 27. Rd7 Bxf3 28. Rxg7 $18) 26. Ng3 $2 {[%emt 0:01:41] This costs White the game.} (26. Nf4 $17 {is a better defense.} Bf7 27. Bxe5 fxe5 28. Rcd1 Rxd3 29. Nxd3) 26... Rxg3 $19 ({Stronger than} 26... Rxd4 27. Rxd4 Bxd4 28. Nxh5 $17) 27. Bxe5 Rxd3 28. Bxg3 Bxf3 {[%emt 0:00:05][%mdl 4096] Endgame KRB-KRB} 29. Bd6 e5 30. Ke1 Kg7 31. Bc7 f4 32. a4 Kg6 33. a5 $2 (33. Ba5) 33... a6 34. Bd6 Kf5 {[%emt 0:00:02] White must now prevent ...e4.} 35. Be7 h5 36. h4 Bg4 {[%emt 0:00:03] Strongly threatening ...e4.} 37. Ra1 e4 38. Kf1 e3 39. fxe3 fxe3 40. Re1 Ke5 41. Bd6+ Ke4 42. Kg2 f5 43. Ra1 Rd4 44. Kg3 Kd5 (44... e2 $142 45. Re1 Ke3 46. Rb1 Rd1 47. Bf4+ Kd4 48. Rb4+ Kc3 49. Bd2+ Rxd2 50. Rb1 Rd1 51. Rb7 f4+ {[%mdl 64] Promotion} 52. Kxf4 e1=Q 53. Kg5 Qe6 54. Rb3+ Kxb3 55. Kf4 Qf6+ 56. Kg3 Qf3+ 57. Kh2 Qh3#) 45. Re1 e2 46. Bf4 Rd1 {[%emt 0:00:06] Black mates.} 47. Kf2 Kxc5 48. Bg3 Kd4 {[%emt 0:00:03] Weighted Error Value: White=0.80/Black=0.24 (precise)} 0-1

[Event "CCT Airthings Masters Play-In 2023"]
[Site "Online"]
[Date "2023.02.03"]
[Round "3"]
[White "Jospem"]
[Black "gmjlh"]
[Result "0-1"]
[ECO "C47"]
[WhiteElo "2639"]
[BlackElo "2516"]
[Annotator "TA"]
[PlyCount "100"]
[EventDate "2023.02.03"]
[EventType "swiss"]
[EventCountry "NET"]
[SourceTitle "playchess.com"]
[Source "ChessBase"]
[SourceQuality "1"]
[TimeControl "600+2"]

1. e4 e5 2. Nf3 Nc6 3. Nc3 Nf6 4. h3 Bb4 5. Nd5 Bc5 6. c3 {[%emt 0:00:19] C47: Scotch Four Knights and Four Knights with 4 g3.} Nxe4 7. d4 exd4 $1 8. cxd4 {[%emt 0:01:35] [#] Black has an edge.} Bb4+ $146 ({Predecessor:} 8... Bb6 9. Bd3 Ba5+ 10. Kf1 Nd6 11. Bf4 O-O 12. Bxh7+ Kxh7 13. Ng5+ Kg8 14. Qh5 Qxg5 15. Bxg5 f6 16. h4 Nxd4 17. Ne7# {1-0 Krutko,A (2397)-Terletsky,O (2246) Titled Tuesday intern op 27th Oct blitz 2020 (3)}) 9. Nxb4 Nxb4 10. a3 (10. Qb3 $11 c5 11. Be2) 10... Nd5 $15 11. Bd3 Ndf6 {[%emt 0:00:03] Excellent horsemanship.} 12. O-O d5 13. Qc2 O-O 14. Ne5 h6 15. Bf4 c6 16. Rae1 Qb6 17. Be3 Nd6 18. b3 Nfe4 19. g4 $1 {[%emt 0:00:53] Repels Nf5} Qd8 20. f3 Ng5 21. Qg2 (21. h4 $1 $14 {was preferrable.} Ne6 22. h5 (22. Bh7+ Kh8 $11)) 21... f5 (21... Nh7 $11) 22. Ng6 Re8 (22... Rf6 $11 23. Bxg5 hxg5 24. gxf5 Bxf5 25. Ne7+ Kf7 26. Nxf5 Nxf5) 23. h4 $1 $16 Ngf7 24. g5 $1 {[%emt 0:00:02] Dodges Qf6} hxg5 25. hxg5 f4 26. Bxf4 $18 Bf5 {[%emt 0:00:02] Black is weak on the dark squares} 27. Bxf5 Nxf5 28. Ne5 $2 ({White should try} 28. Qh3 $1 $18 Nxd4 29. Kf2) 28... Qb6 $1 $36 {[%emt 0:00:08][%mdl 2048] Black is in control.} (28... Nxd4 $2 29. Nxf7 Qd7 30. Be5 Qxf7 31. g6 $18) 29. Qf2 (29. Qh2 $17 {might work better.}) 29... Qxd4 $19 (29... Nxd4 30. Kg2 Ne6 31. Bd2) 30. Ng6 Rxe1 (30... Nh8 $19 {is more deadly.} 31. Ne7+ Kf7) 31. Rxe1 $17 {[%emt 0:00:01] Threatens to win with Ne7+.} Kh7 $1 32. Ne7 {[%emt 0:00:08] Loses the game.} (32. Qxd4 $17 Nxd4 33. Nh4) 32... Qxf4 $19 33. g6+ Kh6 $1 34. Nxf5+ Qxf5 35. gxf7 {[%emt 0:00:00][%mdl 4096] Endgame [#] KQR-KQR} Rf8 (35... Qg6+ 36. Kf1 Qxf7 37. Qh2+ Kg6 38. Qc2+ Qf5 39. Re6+ Kg5 40. Qd2+ Kh4 41. Qe1+ Kh3 42. Kf2 $18) 36. Qh2+ Kg6 37. Re5 {[%emt 0:00:16] [#]} Qb1+ $1 ({Don't play} 37... Qxf3 38. Re2 $18) 38. Kf2 {[%emt 0:00:01] Threatening mate with Qh5+.} Qb2+ (38... Rxf7 $2 {is a self mate.} 39. Qh5+ Kf6 40. Qg5#) 39. Re2 Qd4+ ({Inferior is} 39... Qxa3 40. Qf4 Rxf7 41. Qg4+ Kh6 42. Qh3+ Kg6 43. Qg4+ Kh7 44. Qh3+ Kg8 45. Re8+ Rf8 46. Qe6+ Kh8 47. Qh3+ Kg8 48. Qe6+ Kh8 49. Qh3+ Kg8 $11) 40. Re3 {[%emt 0:00:02] Qd6+ would be deadly.} Kxf7 {[%emt 0:00:16] Hoping for ...Re8.} 41. Qc7+ Kg8 {[%emt 0:00:01] ...Re8 is the strong threat.} 42. Qe7 {[%emt 0:00:11] Inhibits Re8.} Qb2+ 43. Kg3 Qf6 44. Qxb7 $2 (44. Qxf6 $19 gxf6 45. Re7) 44... d4 {[%emt 0:00:08] Black mates.} 45. Re7 Qxf3+ 46. Kh2 Qf2+ 47. Kh1 Qf1+ 48. Kh2 Rf2+ 49. Kg3 Rg2+ 50. Kh3 Qh1# {[%emt 0:00:01] Artfully played by gmjlh.   Weighted Error Value: White=0.37/Black=0.13 (very precise)} 0-1